 Dungeon Crawl Stone Soup version 0.16.2-12-gd0ad4c3 (webtiles) character file.

70 schauveau the Digger (level 4, -3/24 HPs)
             Began as a Gargoyle Earth Elementalist on Oct 29, 2015.
             Slain by Grinder (4 damage)
             ... while paralysed by Grinder
             ... on level 3 of the Dungeon.
             The game lasted 00:10:58 (2340 turns).

schauveau the Digger (Gargoyle Earth Elementalist)  Turns: 2340, Time: 00:10:59

Health: -3/24      AC:  7    Str: 12    XL:     4   Next: 22%
Magic:  7/7        EV:  2    Int: 16    God:
Gold:   50         SH:  0    Dex: 10    Spells: 2 memorised, 3 levels left

rFire  . . .     SeeInvis .     j - +0 dagger (drain)
rCold  . . .     Clarity  .     c - +0 robe
rNeg   + . .     SustAb   .     (no shield)
rPois  ∞         Gourm    .     l - +0 helmet
rElec  +         Spirit   .     (no cloak)
rCorr  .         Warding  .     (no gloves)
rMut   .         Stasis   .     r - +0 pair of boots
MR     .....                    (no amulet)
Stlth  +++.......               (no ring)
                                w - ring of stealth

@: paralysed, not resistant to hostile enchantments, fairly stealthy
A: negative energy resistance 1, electricity resistance, unbreathing,
petrification resistance, rot immunity, AC +3
a: no special abilities


You were on level 3 of the Dungeon.
You were not hungry.

You visited 1 branch of the dungeon, and saw 4 of its levels.

You collected 50 gold pieces.

Inventory:

Hand weapons
 f - a +0 dagger
 g - a +0 hunting sling of freezing
 j - a +0 dagger of draining (weapon)
 o - a +0 mace
Missiles
 b - 88 stones (quivered)
Armour
 c - a +0 robe (worn)
 l - a +0 helmet (worn)
 r - a +0 pair of boots (worn)
Jewellery
 w - a ring of stealth (left hand)
Scrolls
 s - a scroll of magic mapping {unknown}
 u - a scroll of noise {unknown}
 v - 3 scrolls of enchant weapon
Potions
 e - 2 potions of brilliance
 h - 2 potions of ambrosia
 i - a potion of invisibility {unknown}
 k - a potion of beneficial mutation {unknown}
 p - a potion of might {unknown}
 q - a potion of degeneration {unknown}
 t - 2 potions of agility {unknown}
Books
 d - a book of Geomancy

   Spells                             Type                      Level
   a - Sandblast                      Earth                        1
   b - Stoneskin                      Transmutation/Earth          2
   c - Passwall                       Transmutation/Earth          3
   d - Stone Arrow                    Conjuration/Earth            3
   e - Petrify                        Transmutation/Earth          4
   f - Lee's Rapid Deconstruction     Earth                        5
Comestibles
 a - 5 bread rations
 m - a chunk of flesh


   Skills:
 - Level 1.5 Dodging
 - Level 2.1 Stealth
 - Level 2.0 Spellcasting
 + Level 0.7 Conjurations
   Level 0.7 Transmutations
 - Level 5.8 Earth Magic


You had 3 spell levels left.
You knew the following spells:

 Your Spells              Type           Power        Failure   Level  Hunger
a - Sandblast             Erth           ###...       1%          1    #......
b - Stone Arrow           Conj/Erth      ##....       17%         3    ###....


Dungeon Overview and Level Annotations

Branches:
Dungeon (4/15)
 Temple: D:4-7

Altars:
Gozag
Trog

Annotations:
D:3 Grinder


Innate Abilities, Weirdness & Mutations

You are resistant to torment.
You are immune to poison.
Your stone body is very resilient (AC +3).
You resist negative energy.
You are resistant to electric shocks.
You can survive without breathing.
You are immune to petrification.
You are immune to rotting.


Message History

The hobgoblin is almost dead.
The hobgoblin barely misses you.
You closely miss the hobgoblin.
The hobgoblin is almost dead.
Grinder closely misses you. The hobgoblin barely misses you.
You hit the hobgoblin but do no damage. You drain the hobgoblin!
You kill the hobgoblin!
Grinder gestures at you.
You barely resist.
Grinder gestures.
Grinder blinks!
You see here a club.
Grinder says, "I used to sell toenails on the black market."
Grinder gestures at you.
You suddenly lose the ability to move!
Grinder hits you but does no damage. Grinder hits you.
* * * LOW HITPOINT WARNING * * *
Grinder hits you.
You die...

#.#..##.#.####...###
#....#
.#.#........## #...
.#.##.#...#..# #.##
.s. #.###.#..####
...# .##
#...........# #..#
####.##.##.# #..#
...........# #.<#
#.#.......# ##.#
#.#@5..####
........... #.##.#
.#.#....#. #..).#
.....#[## ######
.... # .. ..... #
#####


You could see Grinder.

Vanquished Creatures
  An adder (D:2)
  A worm (D:2)
  2 giant geckos
  2 orcs (D:3)
  6 bats
  2 giant cockroaches
  8 hobgoblins
  9 jackals
  3 giant newts
  7 goblins
  2 kobolds (D:1)
  5 rats
48 creatures vanquished.

Notes
Turn   | Place    | Note
--------------------------------------------------------------
     0 | D:1      | schauveau, the Gargoyle Earth Elementalist, began the quest for the Orb.
     0 | D:1      | Reached XP level 1. HP: 10/10 MP: 3/3
     5 | D:1      | Noticed an electric eel
   148 | D:1      | Reached skill level 4 in Earth Magic
   303 | D:1      | Reached XP level 2. HP: 4/15 MP: 2/4
   941 | D:2      | Reached XP level 3. HP: 17/19 MP: 1/6
   948 | D:2      | Reached skill level 5 in Earth Magic
  1267 | D:2      | Found an opulent altar of Gozag.
  2007 | D:3      | Found a bloodstained altar of Trog.
  2065 | D:3      | Reached XP level 4. HP: 24/24 MP: 7/7
  2213 | D:3      | Learned a level 3 spell: Stone Arrow
  2219 | D:3      | Noticed Grinder
  2225 | D:3      | Paralysed by Grinder for 5 turns
  2335 | D:3      | Paralysed by Grinder for 7 turns
  2339 | D:3      | HP: 1/24 [Grinder (5)]
  2340 | D:3      | Slain by Grinder

Action                   |  1- 3 |  4- 6 || total
-------------------------+-------+-------++-------
Melee: Dagger            |   114 |    37 ||   151
       Unarmed           |    13 |       ||    13
 Cast: Sandblast         |    29 |     4 ||    33
  Use: Scroll            |     3 |     1 ||     4
  Eat: Fruit             |     3 |       ||     3
       Chunk             |     2 |       ||     2
       Pizza             |     1 |       ||     1
